 Dungeon Crawl Stone Soup version 0.28-a0-595-g9f6c0e134a (webtiles) character file.

Game seed: 8837563003010334852

74541 ryw the Fencer (level 15, -6/125 HPs)
             Began as a Demonspawn Gladiator on Oct 3, 2021.
             Was the Champion of Okawaru.
             Mangled by a bone dragon (7 damage)
             ... on level 3 of the Abyss on Oct 4, 2021.
             The game lasted 01:23:14 (31307 turns).

ryw the Fencer (Demonspawn Gladiator)              Turns: 31307, Time: 01:23:15

Health: -6/125     AC: 21    Str: 29    XL:     15   Next: 7%
Magic:  0/21       EV: 21    Int: 10    God:    Okawaru [******]
Gold:   1710       SH:  0    Dex: 25    Spells: 14/14 levels left

rFire   . . .      SeeInvis .   a - +5 triple sword (spect)
rCold   . . .      Faith    .   (shield currently unavailable)
rNeg    . . .      Spirit   +   z - +4 leather armour of Submission {Rampage +Blink Str+3 Dex+2}
rPois   +          Reflect  .   i - +2 helmet
rElec   .          Harm     .   s - +2 cloak {rPois}
rCorr   .          Rampage  +   B - +1 pair of gloves {Str+3}
Will    +++..      NoCast   +   x - +0 pair of boots of Qazlal's Generosity {-Cast Will+ Dex+4 Stlth+}
Stlth   +++.......              q - amulet of guardian spirit
HPRegen 0.00/turn               h - ring "Ycwior" {*Corrode Will+ Str+7 Slay+4}
MPRegen 0.17/turn               (no ring)

@: agile, about to teleport, finesse-ful, diseased
A: talons 2, molten scales 1, (demonic guardian 2), powered by pain 2,
corrupting presence 1
a: Renounce Religion, Evoke Blink, Heroism, Finesse, Duel


You were on level 3 of the Abyss.
You worshipped Okawaru.
Okawaru was exalted by your worship.
You visited 4 branches of the dungeon, and saw 22 of its levels.
You visited the Abyss 1 time.
You also visited: Bailey.

You collected 2732 gold pieces.
You spent 1022 gold pieces at shops.

Inventory:

Hand Weapons
 a - a +5 spectral triple sword (weapon)
 b - a +4 scimitar of flaming
 e - the +9 mace "Giantslayer" {venom, rCorr Str-4 Int+5}
   (You found it on level 10 of the Dungeon)

   It poisons the flesh of those it strikes.
   Str:       It affects your strength (-4).
   Int:       It affects your intelligence (+5).
   rCorr:     It protects you from acid and corrosion.
 I - the +6 falchion "Voeteaq" {venom, rF+ SInv}
   (Okawaru gifted it to you on level 10 of the Dungeon)

   It poisons the flesh of those it strikes.
   rF:        It protects you from fire.
   SInv:      It lets you see invisible.
 R - a +4 great sword of pain
Missiles
 c - 5 throwing nets
 f - 2 datura-tipped darts
 l - a curare-tipped dart
 w - 5 atropa-tipped darts
 C - 7 javelins (quivered)
Armour
 i - a +2 helmet (worn)
 j - a scarf of shadows
 r - a +2 tower shield
 s - a +2 cloak of poison resistance (worn)
 x - the +0 pair of boots of Qazlal's Generosity (worn) {-Cast Will+ Dex+4 Stlth+}
   (You bought it in a shop on level 9 of the Dungeon)

   Dex:       It affects your dexterity (+4).
   -Cast:     It prevents spellcasting.
   Will:      It increases your willpower.
   Stlth:     It makes you more stealthy.
 z - the +4 leather armour of Submission (worn) {Rampage +Blink Str+3 Dex+2}
   (You found it on level 7 of the Dungeon)

   Str:       It affects your strength (+3).
   Dex:       It affects your dexterity (+2).
   +Blink:    It lets you blink.
   Rampage:   It bestows one free step when moving towards enemies.
 B - a +1 pair of gloves of strength (worn)
Jewellery
 g - a ring of poison resistance
 h - the ring "Ycwior" (left hand) {*Corrode Will+ Str+7 Slay+4}
   (You acquired it on level 2 of the Dungeon)

   [ring of slaying]

   Str:       It affects your strength (+7).
   Slay:      It affects your accuracy & damage with ranged weapons and melee
   (+4).
   *Corrode:  It may corrode you when you take damage.
   Will:      It increases your willpower.
 q - an amulet of guardian spirit (around neck)
 t - the amulet of Gemuc {RegenMP rN++ rCorr Str+2 Int-5}
   (You acquired it on level 8 of the Dungeon)

   [amulet of magic regeneration]

   It increases your rate of magic regeneration.
   Str:       It affects your strength (+2).
   Int:       It affects your intelligence (-5).
   rN:        It greatly protects you from negative energy.
   rCorr:     It protects you from acid and corrosion.
 S - a ring of ice
Wands
 u - a wand of flame (71)
 y - a wand of iceblast (5)
 F - a wand of paralysis (11)
 O - a wand of mindburst (13)
Scrolls
 d - 5 scrolls of identify
 m - 7 scrolls of teleportation
 n - 2 scrolls of fog
 p - 6 scrolls of magic mapping
 J - a scroll of blinking
 K - a scroll of vulnerability
 M - a scroll of amnesia
Potions
 k - 5 potions of lignification
 o - 5 potions of curing
 v - 2 potions of berserk rage
 A - 2 potions of ambrosia
 D - 3 potions of mutation
 E - a potion of brilliance
 G - 3 potions of flight
 H - 2 potions of might
 L - a potion of cancellation
 N - a potion of resistance
 P - a potion of invisibility
 U - a potion of haste
Miscellaneous
 Q - a lightning rod (4/4)
 T - a phial of floods


   Skills:
 + Level 13.7 Fighting
 * Level 16.0 Long Blades
 - Level 5.0 Throwing
 + Level 10.6 Armour
 - Level 5.0 Dodging
 - Level 5.0 Shields
 - Level 2.6 Unarmed Combat
 - Level 8.0 Invocations
 - Level 3.0 Evocations


You had 14 spell levels left.
You didn't know any spells.
Your spell library contained the following spells:

 Spells                   Type           Power      Damage    Failure   Level
 Apportation              Tloc           0%         N/A       38%         1
 Foxfire                  Conj/Fire      0%         2x1d4     38%         1
 Pain                     Necr           0%         1d4       38%         1
 Blink                    Tloc           N/A        N/A       52%         2
 Corpse Rot               Necr/Air       N/A        N/A       52%         2
 Passwall                 Tmut/Erth      0%         N/A       52%         2
 Poisonous Vapours        Pois/Air       0%         N/A       52%         2
 Slow                     Hex            0%         N/A       52%         2
 Confusing Touch          Hex            0%         N/A       77%         3
 Ignite Poison            Fire/Tmut/Pois 0%         N/A       77%         3
 Lesser Beckoning         Tloc           0%         N/A       77%         3
 Mephitic Cloud           Conj/Pois/Air  0%         N/A       77%         3
 Swiftness                Air            0%         N/A       77%         3
 Vampiric Draining        Necr           0%         2d6       77%         3
 Cause Fear               Hex            0%         N/A       99%         4
 Passage of Golubria      Tloc           N/A        N/A       99%         4
 Fireball                 Conj/Fire      0%         3d3       100%        5
 Freezing Cloud           Conj/Ice/Air   0%         6-21      100%        5
 Manifold Assault         Tloc           0%         N/A       100%        5
 Silence                  Hex/Air        0%         N/A       100%        5
 Yara's Violent Unravell  Hex/Tmut       0%         3d3       100%        5
 Invisibility             Hex            0%         N/A       100%        6
 Dragon Form              Tmut           0%         N/A       100%        7
 Ignition                 Fire           0%         3d3       100%        8
 Lehudib's Crystal Spear  Conj/Erth      0%         10d2      100%        8
 Animate Skeleton         Necr           Unusable   N/A       N/A         1
 Summon Small Mammal      Summ           Unusable   N/A       N/A         1
 Dragon's Call            Summ           Unusable   N/A       N/A         9

Dungeon Overview and Level Annotations

Branches:
Dungeon (13/15)            Temple (1/1) D:5            Lair (6/6) D:9
 Shoals (0/4) Lair:4        Snake (0/4) Lair:3        Slime (0/5) Lair:5
    Orc (2/2) D:11            Elf (0/3) Orc:2        Bailey (visited)
 Vaults: D:13-14

Altars:
Ashenzari
Cheibriados
Dithmenos
Elyvilon
Fedhas
Gozag
Kikubaaqudgha
Makhleb
Nemelex Xobeh
Okawaru
Qazlal
Ru
Sif Muna
Trog
Uskayaw
Vehumet
Wu Jian
Yredelemnul
Zin
The Shining One
Beogh
Jiyva
Lugonu

Shops:
D:3 *   D:4 [   D:9 [=   D:10 =   Orc:2 :[*(

Portals:
Abyss: Lair:6

Annotations:
D:3 1 runed translucent door, heikuro's ghost, amateur FoFi
D:11 exclusion: 2 statues
D:12 Rupert
Orc:1 2 transporters, Hazorath's ghost, journeyman TrBe


Innate Abilities, Weirdness & Mutations

You have razor-sharp toenails.
You are partially covered in molten scales. (AC +2)
((A demonic guardian rushes to your aid.))
You sometimes gain power by taking damage.
Your presence sometimes corrodes those you injure.


Message History

You feel better.
A starcursed mass splits.
The bone dragon bites you but does no damage.
The bone dragon claws you.
* * * LOW HITPOINT WARNING * * *
The bone dragon barely misses you.
Unknown command.
The ynoxinul bellows!
You slice the bone dragon!!
The bone dragon is lightly damaged.
A starcursed mass splits.
You barely miss the bone dragon.
The bone dragon is lightly damaged.
The bone dragon bites you.
* * * LOW HITPOINT WARNING * * *
The bone dragon completely misses you.
The bone dragon tramples you but does no damage.
A starcursed mass splits.
A chorus of shrieks assaults your mind.
* * * LOW HITPOINT WARNING * * *
You focus on the pain.
You feel your power returning.
Unknown command.
You slash the bone dragon!
The bone dragon is moderately damaged.
A starcursed mass splits. x2
Unknown command.
You slice the bone dragon!!
The bone dragon is moderately damaged.
You feel ill. The bone dragon bites you!
* * * LOW HITPOINT WARNING * * *
The bone dragon claws you!
* * * LOW HITPOINT WARNING * * *
The bone dragon tramples you.
* * * LOW HITPOINT WARNING * * *
You stumble backwards!
The apocalypse crab closely misses you. x2
You feel better.
The bone dragon bites you but does no damage.
The bone dragon claws you!
* * * LOW HITPOINT WARNING * * *
The bone dragon tramples you!
You die...

. # .## . ..# #.
#.. . .# # .! # ..
.#.. ## .#.#.# ..#
.##.# ###..3#..#
#. . #
...$##.#x..... #.
#. # .
#..#D##...... #
... .## #.##.@..#
#.... . ##
...#.#.#t.# # # #
... #........##. #
##.. #.....X.....
#..####...X.X...##
.. #..#...X.### #
. #.[.###....# .
####†# #. ..# .# #
##.. #


You could see a bone dragon, 4 starcursed masses, an ancient zyme, an apocalypse
crab and a ynoxinul.

Vanquished Creatures
  Saint Roka (Orc:2)
  A lich (Abyss:3)
  Kirke (Lair:6)
  An orc warlord (Orc:2)
  A black draconian (Abyss:3)
  A deep elf annihilator (D:12)
  Snorg (D:11)
  Harold (D:9)
  2 boulder beetles
  Erica (D:10)
  5 hydras
  2 ogre magi (D:11)
  7 two-headed ogres
  A death yak (D:8)
  A tengu warrior (D:8)
  An orc high priest (Orc:2)
  4 thrashing horrors (Lair:6)
  Nergalle (Orc:2)
  A wretched star (Abyss:3)
  5 large abominations
  Pikel (D:7)
  3 orc knights
  A wizard (D:10)
  5 orc sorcerers
  An ugly thing (Lair:6)
  A salamander (shapeshifter) (Abyss:3)
  4 elephants
  3 cyclopes (D:12)
  9 black mambas
  9 cane toads
  An orange demon (Abyss:3)
  4 smoke demons
  A gargoyle (D:11)
  A kobold demonologist (D:12)
  A rime drake (Lair:4)
  6 komodo dragons
  An efreet (D:13)
  An ancient zyme (Lair:6)
  A tengu conjurer (D:9)
  2 polar bears
  3 merfolk (Lair:4)
  5 trolls
  27 blink frogs
  Grinder (D:3)
  Sigmund (D:5)
  A spriggan (Lair:6)
  6 wraiths
  2 shadows
  2 basilisks
  A ynoxinul (Lair:6)
  48 yaks
  A hog (shapeshifter) (Lair:6)
  A human (shapeshifter) (Lair:6)
  3 wyverns
  3 chaos spawn (Lair:6)
  6 hogs
  A steam dragon (D:7)
  3 vampire mosquitoes (D:12)
  3 nagas (Lair:3)
  2 wargs
  2 acid dragons
  17 water moccasins
  A sky beast (D:6)
  3 ice beasts
  26 orc warriors
  6 ogres
  A black bear (D:9)
  23 wolves
  2 lemures (D:7)
  7 centaurs
  2 phantoms
  4 kobold brigands
  7 small abominations (Lair:6)
  15 bullfrogs
  Dowan (Temple)
  3 scorpions
  A wyvern zombie (D:5)
  4 killer bees
  10 wights
  5 howler monkeys
  2 bullfrog zombies
  A quasit (D:8)
  3 centaur zombies
  A bullfrog skeleton (D:4)
  A hound (D:6)
  13 orc priests
  4 jellies
  Crazy Yiuf (D:7)
  5 iguanas
  19 orc wizards
  4 hell rats (Lair:6)
  A hound zombie (D:5)
  Robin (D:3)
  A howler monkey zombie (D:10)
  7 gnolls
  7 adders
  An adder skeleton (D:4)
  A worm (D:4)
  76 orcs
  13 ball pythons
  3 bats
  15 endoplasms
  5 giant cockroaches
  23 goblins
  14 hobgoblins
  6 jackals
  4 quokkas
  4 frilled lizards
  A goblin zombie (D:8)
  2 hobgoblin zombies (D:8)
  35 kobolds
  2 kobold skeletons (D:8)
  3 kobold zombies (D:8)
  An orc zombie (D:8)
  4 rats
  A spectral kobold (D:1)
640 creatures vanquished.

Vanquished Creatures (collateral kills)
  Duvessa (Temple)
1 creature vanquished.

Vanquished Creatures (others)
  Prince Ribbit (D:7)
  An orc (Orc:1)
  36 fungi
  32 plants
70 creatures vanquished.

Grand Total: 711 creatures vanquished

Notes
Turn   | Place    | Note
-------+----------+-------------------------------------------
     0 | D:1      | ryw the Demonspawn Gladiator began the quest for the Orb.
     0 | D:1      | Reached XP level 1. HP: 16/16 MP: 1/1
   621 | D:1      | Gained mutation: You have sharp toenails. [demonic
                  | ancestry]
   621 | D:1      | Reached XP level 2. HP: 23/23 MP: 2/2
   680 | D:1      | Found a faded altar of an unknown god.
  1173 | D:1      | Reached skill level 1 in Long Blades
  1232 | D:1      | Gained mutation: You are partially covered in molten
                  | scales. (AC +2) [demonic ancestry]
  1232 | D:1      | Reached XP level 3. HP: 29/29 MP: 3/3
  2533 | D:3      | Gained mutation: You sometimes gain a little power by
                  | taking damage. [demonic ancestry]
  2533 | D:3      | Reached XP level 4. HP: 37/37 MP: 4/4
  2568 | D:3      | Noticed Grinder
  2573 | D:3      | Paralysed by Grinder for 6 turns
  2582 | D:3      | Killed Grinder
  2583 | D:3      | Reached skill level 3 in Long Blades
  2583 | D:3      | Gained mutation: A weak demonic guardian rushes to your
                  | aid. [demonic ancestry]
  2583 | D:3      | Reached XP level 5. HP: 13/43 MP: 5/5
  2801 | D:3      | Found Qim Xokimex's General Store.
  2955 | D:3      | Noticed heikuro's ghost (amateur FoFi)
  2958 | D:3      | Found a runed translucent door.
  2972 | D:3      | Reached skill level 5 in Fighting
  2972 | D:3      | Reached XP level 6. HP: 34/51 MP: 6/6
  3174 | D:3      | Noticed Robin
  3256 | D:2      | Identified a scroll of acquirement
  3256 | D:2      | Acquired the ring "Ycwior" {*Corrode Will+ Str+7 Slay+4}
  3269 | D:3      | Killed Robin
  4069 | D:4      | Noticed an ice beast
  4092 | D:4      | Killed an ice beast
  4093 | D:4      | Reached skill level 4 in Long Blades
  4400 | D:4      | Reached XP level 7. HP: 57/57 MP: 5/7
  4760 | D:4      | Found Temabo Dun's Antique Armour Boutique.
  4765 | D:4      | Bought a pair of gloves for 126 gold pieces
  4795 | D:4      | Found a snail-covered altar of Cheibriados.
  4859 | D:4      | Reached skill level 5 in Long Blades
  5134 | D:4      | Found a bloodstained altar of Trog.
  5134 | D:4      | Found a radiant altar of Vehumet.
  5477 | D:5      | Entered Level 5 of the Dungeon
  5865 | D:5      | Noticed Sigmund
  6005 | D:5      | Killed Sigmund
  6006 | D:5      | Reached skill level 6 in Long Blades
  6006 | D:5      | Gained mutation: A demonic guardian rushes to your aid.
                  | [demonic ancestry]
  6006 | D:5      | Reached XP level 8. HP: 63/67 MP: 8/8
  6029 | D:5      | Found a staircase to the Ecumenical Temple.
  6032 | D:5      | Noticed Duvessa
  6034 | D:5      | Noticed Dowan
  6040 | Temple   | Entered the Ecumenical Temple
  6052 | Temple   | Killed Duvessa
  6317 | Temple   | Killed Dowan
  6416 | Temple   | Became a worshipper of Warmaster Okawaru
  6956 | D:6      | Reached skill level 1 in Armour
  7276 | D:6      | Noticed a komodo dragon
  7605 | D:5      | Killed a komodo dragon
  7605 | D:5      | Reached * piety under Okawaru
  7606 | D:5      | Reached skill level 7 in Long Blades
  7606 | D:5      | Gained mutation: You sometimes gain power by taking damage.
                  | [demonic ancestry]
  7606 | D:5      | Reached XP level 9. HP: 7/74 MP: 1/9
  8049 | D:6      | Found a shimmering blue altar of Sif Muna.
  8050 | D:6      | Found an ornate altar of the Wu Jian Council.
  8051 | D:6      | Found a burning altar of Makhleb.
  8830 | D:3      | Bought a +1 cloak of poison resistance for 162 gold pieces
  9059 | D:7      | Found a hide-covered altar of Uskayaw.
  9114 | D:6      | Acquired 860 gold pieces
  9206 | D:3      | Bought a +1 buckler of protection for 198 gold pieces
  9355 | D:7      | Noticed Prince Ribbit
  9373 | D:7      | Killed Prince Ribbit
  9562 | D:6      | Reached ** piety under Okawaru
  9673 | D:7      | Reached skill level 8 in Long Blades
 10079 | D:7      | Found a runed translucent door.
 10080 | D:7      | Noticed Crazy Yiuf
 10141 | D:7      | Noticed Pikel
 10147 | D:7      | Killed Pikel
 10155 | D:7      | Identified the +4 leather armour of Submission {Rampage
                  | +Blink Str+3 Dex+2}
 10431 | D:7      | Killed Crazy Yiuf
 10571 | D:8      | Found an opulent altar of Gozag.
 10814 | D:8      | Found a blossoming altar of Fedhas.
 10840 | D:8      | Found a stormy altar of Qazlal.
 10956 | D:8      | Reached skill level 9 in Long Blades
 11284 | D:8      | Reached *** piety under Okawaru
 11285 | D:8      | Reached XP level 10. HP: 82/83 MP: 8/10
 11287 | D:8      | Acquired the amulet of Gemuc {RegenMP rN++ rCorr Str+2
                  | Int-5}
 11399 | D:9      | Found Atriebbu's Antique Armour Boutique.
 11462 | D:9      | Bought a pair of faintly glowing boots for 266 gold pieces
 11462 | D:9      | Identified the +0 pair of boots of Qazlal's Generosity
                  | {-Cast Will+ Dex+4 Stlth+} (You bought it in a shop on
                  | level 9 of the Dungeon)
 11773 | D:9      | Noticed Harold
 11948 | D:9      | Noticed a tengu warrior
 12039 | D:8      | Killed a tengu warrior
 12039 | D:8      | Reached **** piety under Okawaru
 12039 | D:8      | Received a gift from Okawaru
 12212 | D:9      | Reached skill level 5 in Armour
 12220 | D:9      | Reached skill level 1 in Invocations
 12347 | D:9      | Noticed a death yak
 12379 | D:8      | Killed a death yak
 12380 | D:8      | Reached skill level 10 in Long Blades
 12380 | D:8      | Reached skill level 1 in Shields
 12545 | D:9      | Killed Harold
 12724 | D:9      | Found a staircase to the Lair.
 12743 | D:9      | Noticed an elephant
 12752 | D:9      | Killed an elephant
 12755 | D:9      | Reached XP level 11. HP: 66/90 MP: 10/13
 12934 | D:9      | Found Comimmoy's Jewellery Shoppe.
 12978 | D:9      | Found a shadowy altar of Dithmenos.
 13093 | Lair:1   | Entered Level 1 of the Lair of Beasts
 13102 | Lair:1   | Reached skill level 10 in Fighting
 13123 | Lair:1   | Found an iron altar of Okawaru.
 13336 | Lair:1   | Reached ***** piety under Okawaru
 13651 | Lair:1   | Noticed a boulder beetle
 13676 | Lair:1   | Killed a boulder beetle
 13677 | Lair:1   | Reached skill level 5 in Dodging
 13958 | Lair:1   | Received a gift from Okawaru
 14032 | Lair:1   | Reached skill level 11 in Long Blades
 14032 | Lair:1   | Reached skill level 5 in Invocations
 15264 | Lair:2   | Noticed a six-headed hydra
 15570 | D:9      | Acquired a +0 vorpal triple sword
 15602 | D:10     | Entered Level 10 of the Dungeon
 15803 | D:10     | Identified the +9 mace "Giantslayer" {venom, rCorr Str-4
                  | Int+5}
 15926 | D:10     | Found Siweicar's Jewellery Shoppe.
 15947 | D:10     | Noticed Erica
 15954 | D:10     | Killed Erica
 15954 | D:10     | Identified the +6 falchion "Voeteaq" {venom, rF+ SInv}
                  | (Okawaru gifted it to you on level 10 of the Dungeon)
 15954 | D:10     | Received a gift from Okawaru
 15954 | D:10     | Reached ****** piety under Okawaru
 15955 | D:10     | Reached XP level 12. HP: 94/99 MP: 15/15
 16007 | D:10     | Found a runed translucent door.
 16265 | D:11     | Found a staircase to the Orcish Mines.
 16625 | D:11     | Found a flagged portal.
 16670 | Bailey   | Entered a bailey
 16880 | Bailey   | Found an iron altar of Okawaru.
 17332 | D:11     | Noticed an ogre mage
 17336 | D:11     | Killed an ogre mage
 17337 | D:11     | Reached skill level 12 in Long Blades
 17337 | D:11     | Noticed a two-headed ogre
 17337 | D:11     | Noticed a two-headed ogre
 17339 | D:11     | Killed a two-headed ogre
 17339 | D:11     | Received a gift from Okawaru
 17341 | D:11     | Killed a two-headed ogre
 17342 | D:11     | Reached skill level 5 in Shields
 17347 | D:11     | Noticed a two-headed ogre
 17352 | D:11     | Killed a two-headed ogre
 17365 | D:11     | Noticed an ogre mage
 17365 | D:11     | Noticed a two-headed ogre
 17365 | D:11     | Noticed a two-headed ogre
 17366 | D:11     | Noticed a two-headed ogre
 17718 | D:11     | Killed a two-headed ogre
 17722 | D:11     | Killed a two-headed ogre
 17841 | D:11     | Killed an ogre mage
 17842 | D:11     | Reached skill level 1 in Evocations
 17843 | D:11     | Killed a two-headed ogre
 18406 | Lair:1   | Killed a one-headed hydra
 19068 | Lair:3   | Noticed a five-headed hydra
 19074 | Lair:3   | Killed a two-headed hydra
 19540 | Lair:3   | Found a staircase to the Snake Pit.
 19825 | Lair:3   | Gained mutation: Your presence sometimes corrodes those you
                  | injure. [demonic ancestry]
 19825 | Lair:3   | Reached XP level 13. HP: 106/106 MP: 17/17
 19827 | Lair:3   | Reached skill level 5 in Throwing
 20205 | Lair:4   | Received a gift from Okawaru
 20913 | Lair:4   | Reached skill level 13 in Long Blades
 21635 | Lair:4   | Found a staircase to the Shoals.
 21936 | Lair:5   | Identified the -3 hat of the Constellations {rF+ rC- Int+3
                  | SInv} (Okawaru gifted it to you on level 5 of the Lair of
                  | Beasts)
 21936 | Lair:5   | Received a gift from Okawaru
 22184 | Lair:5   | Found a runed translucent door.
 22184 | Lair:5   | Found a viscous altar of Jiyva.
 22185 | Lair:5   | Found a staircase to the Slime Pits.
 22685 | Lair:6   | Entered Level 6 of the Lair of Beasts
 22837 | Orc:1    | Entered Level 1 of the Orcish Mines
 22837 | Orc:1    | Noticed Snorg
 22890 | D:11     | Killed Snorg
 23333 | Orc:1    | Found a transporter.
 23357 | Orc:1    | Noticed Hazorath's ghost (journeyman TrBe)
 23616 | Orc:1    | Found a transporter.
 23827 | Orc:2    | Entered Level 2 of the Orcish Mines
 23838 | Orc:2    | Found a burning altar of Makhleb.
 24027 | Orc:2    | Noticed Saint Roka
 24470 | Orc:2    | Noticed Nergalle
 24735 | Orc:2    | Noticed an orc warlord
 24991 | Orc:2    | Killed an orc warlord
 25414 | Orc:1    | Reached skill level 14 in Long Blades
 25786 | Orc:2    | Killed Nergalle
 25898 | Orc:2    | Found a staircase to the Elven Halls.
 25986 | Orc:2    | Killed Saint Roka
 25987 | Orc:2    | Gained mutation: You have razor-sharp toenails. [demonic
                  | ancestry]
 25987 | Orc:2    | Reached XP level 14. HP: 89/116 MP: 9/20
 26094 | Orc:2    | Found Viaxoeph's Antique Weapon Shoppe.
 26098 | Orc:2    | Found Lutes's General Store.
 26162 | Orc:2    | Found Ciathuisch's Antique Armour Shoppe.
 26168 | Orc:2    | Bought a pair of runed gloves for 270 gold pieces
 26214 | Orc:2    | Found Othix's Book Shoppe.
 26772 | D:11     | Upgraded the game from 0.28-a0-589-g333b8329f1 to
                  | 0.28-a0-595-g9f6c0e134a
 27040 | Lair:6   | Noticed Kirke
 27053 | Lair:6   | Killed Kirke
 27194 | Lair:6   | Received a gift from Okawaru
 27463 | Lair:6   | Identified the +2 robe of Servitude {+Blink rF+} (Okawaru
                  | gifted it to you on level 6 of the Lair of Beasts)
 27463 | Lair:6   | Received a gift from Okawaru
 27768 | Lair:6   | Reached skill level 15 in Long Blades
 27836 | Lair:6   | Found a corrupted altar of Lugonu.
 27836 | Lair:6   | Found a one-way gate to the infinite horrors of the Abyss.
 28107 | Lair:6   | Reached skill level 10 in Armour
 29047 | D:12     | Identified the +10 quarterstaff of Juqaezu {flame, Drain
                  | rPois rN+}
 29208 | D:12     | Got the Volume of Torrid Curses
 30116 | D:13     | Noticed Rupert
 30119 | D:13     | HP: 1/118 [yaktaur/bolt (25)]
 31116 | D:12     | Cast into level 3 of the Abyss (Rupert)
 31190 | Abyss:3  | Noticed a lich
 31250 | Abyss:3  | Killed a lich
 31262 | Abyss:3  | Reached XP level 15. HP: 39/124 MP: 9/21
 31267 | Abyss:3  | Received a gift from Okawaru
 31283 | Abyss:3  | Reached skill level 16 in Long Blades
 31300 | Abyss:3  | Noticed a bone dragon
 31306 | Abyss:3  | HP: 4/125 [bone dragon (5)]
 31306 | Abyss:3  | HP: 1/125 [bone dragon (3)]
 31307 | Abyss:3  | Mangled by a bone dragon

Illustrated notes

Levels and vault maps discovered:
D:1:      heliophobic_arrival_enchanted_forest, layout_loops_ring,
          dreamdust_ecumenical_altar_drowned_temple
D:2:      layout_basic, minmay_misc_feat_tower, serial_bayou_lake_a
D:3:      layout_loops_corners, elyvilon_altar_1,
          hellmonk_ghost_happy_afterlife, serial_shops, shop_statue,
          minmay_door_square, uniq_robin, uniq_grinder
D:4:      layout_basic, nicolae_overflow_crystal_walls,
          gammafunk_temple_overflow_elements, serial_shops,
          nicolae_shop_overgrown_old_shop, minivault_27
D:5:      layout_loops_cross, minmay_temple_entry_sparse_star,
          corexii_leaking_fountain, uniq_duvessa, uniq_sigmund
D:6:      corexii_shantytown, layout_layer_cave,
          chequers_temple_overflow_statue_of_worship,
          chequers_serial_rivers_small_b, solitary_fountain,
          hangedman_decor_diamond_cutter, hangedman_decor_push, sigmund_army
D:7:      layout_basic, nicolae_uskayaw_dance_hall, uniq_prince_ribbit1,
          uniq_crazy_yiuf_cottage, uniq_pikel
D:8:      layout_loops_ring, grunt_temple_overflow_forces_of_nature,
          nicolae_tso_besieged_by_evil,
          nicolae_gozag_cash_rules_everything_around_me
D:9:      layout_cave_pools, grunt_dithmenos_shadows, david_lair_generic,
          serial_shops, kennysheep_mini_moat, nicolae_shop_stone, uniq_harold
D:10:     layout_rooms, serial_shops, shop, serial_bayou_pond_a,
          minmay_st_funbox, kennysheep_small_circle, uniq_erica
D:11:     layout_rooms, david_orc_2, enter_bailey_4, minmay_dual_archer_statues
D:12:     cheibrodos_wizards_tower, layout_long_grid
D:13:     layout_big_octagon, uniq_rupert, uniq_jorgrun
Temple:   nicolae_temple_figure_zero
Lair:1:   layout_layer_cave, basic_altar, st_stairs_10
Lair:2:   layout_concentric_octagons
Lair:3:   layout_cave_pods, guppyfry_snake_entry_island
Lair:4:   layout_regular_city, elwin_shoals_entry_stream,
          infiniplex_staircase_pool, grunt_megastairs_1
Lair:5:   layout_big_grid, slime_altar_2, grunt_megastairs_4
Lair:6:   hellmonk_lair_end_abyssal_woods, layout_hall_layers,
          lemuel_fruit_tree, uniq_kirke
Orc:1:    layout_caves, basic_altar, gammafunk_ghost_arena, uniq_snorg
Orc:2:    grunt_orc_cross, layout_diamond_mine, bloody_makhleb
Abyss:3:  base: D:15, nicolae_abyss_rune_left_handed

Skill      XL: |  1  2  3  4  5  6  7  8  9 10 11 12 13 14 15 |
---------------+----------------------------------------------+-----
Fighting       | 3 4 5 7 8 9 10 11 12 13 | 13.7
Long Blades    | 1 3 4 6 7 9 10 11 12 14 15 16 | 16.0
Armour         | 2 4 5 6 7 9 10 | 10.6
Dodging        | 3 4 5 |  5.0
Invocations    | 3 5 6 8 |  8.0
Shields        | 2 4 5 |  5.0
Throwing       | 3 4 5 |  5.0
Evocations     | 2 3 |  3.0
Unarmed Combat | |  2.6

Action                   |  1- 3 |  4- 6 |  7- 9 | 10-12 | 13-15 || total
-------------------------+-------+-------+-------+-------+-------++-------
Melee: Unarmed           |    36 |       |       |       |       ||    36
       Punch             |     2 |       |     5 |     2 |       ||     9
       Long sword        |   101 |    84 |   274 |       |       ||   459
       Kick              |    28 |    25 |   106 |       |       ||   159
       Scimitar          |       |       |    76 |   323 |    19 ||   418
       Triple sword      |       |       |       |   209 |   554 ||   763
Throw: Javelin           |       |       |       |       |     3 ||     3
Invok: Heroism           |       |       |       |     5 |    13 ||    18
       Finesse           |       |       |       |       |     5 ||     5
 Abil: Evoke Blink       |       |       |       |     1 |       ||     1
Evoke: Wand              |       |       |       |     5 |       ||     5
  Use: Potion            |       |     1 |     1 |     3 |     3 ||     8
       Scroll            |       |     3 |     8 |    13 |    10 ||    34
 Stab: Sleeping          |     4 |     2 |     1 |     5 |     3 ||    15
       Distracted        |       |       |     1 |     1 |     9 ||    11
Armor: Leather armour    |    61 |    24 |    94 |   243 |   297 ||   719
       Scale mail        |       |       |    56 |       |       ||    56
Dodge: Dodged            |   113 |    55 |   216 |   400 |   508 ||  1292
Block: Buckler           |       |       |    35 |    98 |       ||   133

Table legend: (Time is in decaauts)
 A = Elapsed time spent in this place.
 B = Non-inter-level travel time spent in this place.
 C = Inter-level travel time spent in this place.
 D = Time resting spent in this place.
 E = Time spent auto-exploring this place.
 F = Levels seen in this place.
 G = Mean time per level.
                   A        B        C        D        E       F      G
               +--------+--------+--------+--------+--------+-----+--------+
         Total |  31533 |  29496 |   2037 |   7002 |  16943 |  24 | 1313.9 |
       Dungeon |  18851 |  17628 |   1223 |   5283 |   9339 |  13 | 1450.1 |
        Temple |    134 |    125 |      9 |      0 |     93 |   1 |  134.0 |
          Lair |   9003 |   8314 |    689 |    922 |   5805 |   6 | 1500.5 |
  Orcish Mines |   2925 |   2809 |    116 |    556 |   1537 |   2 | 1462.5 |
         Abyss |    181 |    181 |      0 |     68 |      3 |   1 |  181.0 |
        Bailey |    436 |    436 |      0 |    173 |    166 |   1 |  436.0 |
               +--------+--------+--------+--------+--------+-----+--------+

Top non-repeatable levels by time:
    D:12: 1998 daAuts
  Lair:1: 1997 daAuts
     D:8: 1965 daAuts
     D:4: 1891 daAuts
    D:11: 1785 daAuts
  Lair:6: 1764 daAuts
     D:3: 1759 daAuts
     D:6: 1616 daAuts
  Lair:3: 1612 daAuts
   Orc:2: 1563 daAuts
  Lair:4: 1555 daAuts
     D:5: 1449 daAuts
   Orc:1: 1362 daAuts
     D:1: 1357 daAuts
     D:7: 1247 daAuts
